 Dungeon Crawl Stone Soup version 0.17.1-1-g73c8601 (webtiles) character file.

2 zhaorenw the Vexing (level 1, -4/10 HPs)
             Began as a Deep Elf Enchanter on Jan 4, 2016.
             Slain by a hobgoblin (5 damage)
             ... on level 1 of the Dungeon.
             The game lasted 00:01:07 (155 turns).

zhaorenw the Vexing (Deep Elf Enchanter)             Turns: 155, Time: 00:01:07

Health: -4/10      AC:  3    Str:  5    XL:     1   Next: 25%
Magic:  6/6        EV: 13    Int: 19    God:
Gold:   0          SH:  0    Dex: 19    Spells: 1 memorised, 5 levels left

rFire  . . .     SeeInvis .     a - +1 dagger
rCold  . . .     Clarity  .     b - +1 robe
rNeg   . . .     SustAt   .     (no shield)
rPois  .         Gourm    .     (no helmet)
rElec  .         Spirit   .     (no cloak)
rCorr  .         Warding  .     (no gloves)
rMut   .         Stasis   .     (no boots)
MR     +....                    (no amulet)
Stlth  +++.......               i - +4 ring of dexterity
                                e - ring of protection from magic {MR+, !d}

@: somewhat resistant to hostile enchantments, fairly stealthy
A: no striking features
a: no special abilities


You were on level 1 of the Dungeon.
You were not hungry.

You visited 1 branch of the dungeon, and saw 1 of its levels.

Inventory:

Hand Weapons
 a - a +1 dagger (weapon)
Armour
 b - a +1 robe (worn)
Jewellery
 e - a ring of protection from magic (left hand) {MR+, !d}
   (You found it on level 1 of the Dungeon)
 i - a +4 ring of dexterity (right hand)
   (You found it on level 1 of the Dungeon)
Scrolls
 f - a scroll of remove curse {unknown}
Books
 c - a book of Maledictions
Comestibles
 d - a bread ration {@e1}
 g - a beef jerky
 h - 2 chunks of flesh {@w0}


   Skills:
 - Level 1.0 Short Blades
 - Level 2.4 Dodging
 + Level 3.6 Stealth
 + Level 3.0 Spellcasting
 + Level 4.2 Hexes


You had 5 spell levels left.
You knew the following spells:

 Your Spells              Type           Power        Failure   Level  Hunger
v - Corona                Hex            ###....      3%          1    None


Dungeon Overview and Level Annotations

Branches:
Dungeon (1/15)

Altars:


Message History

Will you prevail where others failed? Will you find the Orb of Zot?
Found four items.
Found a staircase leading out of the dungeon.
e - a scratched granite ring Put on which piece of jewellery? (? for menu, Esc to quit)
e - a ring of protection from magic (left hand)
Okay, then.
You enter the shallow water.
Moving in this stuff is going to be slow.
f - a scroll labeled YNABBO NANA Unknown command.
g - a beef jerky Unknown command.
Unknown command.
A kobold comes into view.
The kobold shouts!
You hit the kobold. The kobold hits you but does no damage.
You hit the kobold.
You kill the kobold!
A rat comes into view.
The rat barely misses you.
You hit the rat but do no damage. The rat closely misses you.
You closely miss the rat. The rat closely misses you.
You barely miss the rat. The rat bites you.
You take 1 damage, and have 9/10 hp.
You hit the rat.
You kill the rat!
You see here a rat corpse.
You see here a rat corpse.
You butcher the rat corpse.
h - a chunk of flesh {@w0}
i - a marble ring Put on which piece of jewellery? (? for menu, Esc to quit)
You don't have any such object.
Put on which piece of jewellery? (? for menu, Esc to quit)
You don't have any such object.
Put on which piece of jewellery? (? for menu, Esc to quit)
Okay, then.
Unknown command.
Put on which piece of jewellery? (? for menu, Esc to quit)
You feel agile.
i - a +4 ring of dexterity (right hand)
Found an escape hatch in the floor.
Health restored: 10 A rat comes into view.
A rat is nearby!
The helpless rat fails to defend itself.
You impale the rat!!
You kill the rat!
No target in view!
You see here a rat corpse.
You butcher the rat corpse.
h - 2 chunks of flesh {@w0} (gained 1) Unknown command.
A bat comes into view.
The bat hits you but does no damage.
A hobgoblin comes into view.
The bat closely misses you. The bat hits you.
You take 1 damage, and have 9/10 hp.
You hit the bat but do no damage. The bat barely misses you.
The bat barely misses you.
You hit the bat. The bat hits you. The bat hits you but does no damage.
You take 1 damage, and have 8/10 hp.
The bat barely misses you.
A hobgoblin comes into view.
The hobgoblin shouts!
The bat hits you but does no damage.
Unknown command.
The bat closely misses you. The bat barely misses you.
The hobgoblin shouts!
You hear a shout!
The bat hits you but does no damage.
A hobgoblin comes into view. It is wielding a club.
The bat hits you but does no damage.
The hobgoblin hits you but does no damage.
The hobgoblin barely misses you.
Unknown command.
The hobgoblin hits you.
Ouch! That really hurt!
* * * LOW HITPOINT WARNING * * *
The bat hits you but does no damage.
You take 5 damage, and have 3/10 hp.
MASSIVE DAMAGE!!
The bat barely misses you. The hobgoblin barely misses you.
Unknown command.
That item cannot be evoked!
Unknown command.
You hit the hobgoblin but do no damage. The hobgoblin hits you.
* * * LOW HITPOINT WARNING * * *
You take 2 damage, and have 1/10 hp.
You barely miss the hobgoblin. The hobgoblin closely misses you.
Unknown command.
You closely miss the hobgoblin. The hobgoblin closely misses you.
You hit the hobgoblin. The hobgoblin closely misses you.
You hit the hobgoblin but do no damage. The hobgoblin completely misses you.
You barely miss the hobgoblin. The hobgoblin barely misses you.
You barely miss the hobgoblin. The hobgoblin closely misses you.
You hit the hobgoblin. The hobgoblin hits you.
Ouch! That really hurt!
You die...

#...# ..... #####...#
..... ........#
##.........
#####.#.######..>.......
#.#.##.. ...........
#.#g##.# #..........
#.#g##.# #.......... #
#g##.# #.......(..
#.#@##.###.##.#.####
#..........##.#.....
......................##
##########........###...
########## ####


You could see 3 hobgoblins.

Vanquished Creatures
  A kobold (D:1)
  2 rats (D:1)
3 creatures vanquished.

Notes
Turn   | Place    | Note
--------------------------------------------------------------
     0 | D:1      | zhaorenw the Deep Elf Enchanter began the quest for the Orb.
     0 | D:1      | Reached XP level 1. HP: 10/10 MP: 6/6
   146 | D:1      | HP: 1/10 [hobgoblin (2)]
   155 | D:1      | Slain by a hobgoblin

Action                   || total
-------------------------++-------
Melee: Dagger            ||    17
 Stab: Sleeping          ||     1

Vault maps used:
D:1:      enne_arrival_octagon_isle

Table legend:
 A = Turns spent in this place as a percentage of turns spent in the entire game.
 B = Non-inter-level travel turns spent in this place as a percentage of non-inter-level travel turns spent in the entire game.
 C = Inter-level travel turns spent in this place as a percentage of turns spent in this place.
 D = Turns resting spent in this place as a percentage of non-inter-level travel turns spent in this place.
 E = Turns spent auto-exploring this place as a percentage of non-inter-level travel turns spent in this place.
 F = Non-inter-level travel turns spent in this place divided by the number of levels of this place that you've seen.
                   A       B       C       D       E      F
               +-------+-------+-------+-------+-------+----------------------
         Total | 100.0 | 100.0 |   0.0 |   0.0 |   1.4 | 146.0
       Dungeon | 100.0 | 100.0 |   0.0 |   0.0 |   1.4 | 146.0
               +-------+-------+-------+-------+-------+----------------------

Table legend:
 A = Kills in this place as a percentage of kills in entire the game.
 B = Kills by you in this place as a percentage of kills by you in the entire game.
 C = Kills by friends in this place as a percentage of kills by friends in the entire game.
 D = Other kills in this place as a percentage of other kills in the entire game.
 E = Experience gained in this place as a percentage of experience gained in the entire game.
 F = Experience gained in this place divided by the number of levels of this place that you have seen.
                   A       B       C       D       E      F
               +-------+-------+-------+-------+-------+----------------------
         Total | 100.0 | 100.0 |  -nan |  -nan | 100.0 |   3.0
       Dungeon | 100.0 | 100.0 |  -nan |  -nan | 100.0 |   3.0
               +-------+-------+-------+-------+-------+----------------------
